 Dungeon Crawl Stone Soup version 0.21.0 (webtiles) character file.

31 mopl the Slasher (level 3, 0/21 HPs)
             Began as a Tengu Skald on Jan 7, 2018.
             Slain by a kobold
             ... wielding a +0 dagger
              (3 damage)
             ... on level 1 of the Dungeon.
             The game lasted 00:00:55 (315 turns).

mopl the Slasher (Tengu Skald)                       Turns: 315, Time: 00:00:56

Health: 0/21       AC:  3    Str: 11    XL:     3   Next: 22%
Magic:  4/7        EV: 12    Int: 13    God:
Gold:   20         SH:  0    Dex: 14    Spells: 1/6 levels left

rFire    + . .     SeeInvis .   a - +0 falchion
rCold    . . .     Gourm    .   (no shield)
rNeg     . . .     Faith    .   b - +0 leather armour
rPois    .         Spirit   .   (helmet restricted)
rElec    .         Reflect  .   (no cloak)
rCorr    .         Harm     .   (no gloves)
MR       .....                  (boots unavailable)
Stlth    +.........             (no amulet)
HPRegen  0.07/turn              e - ring of protection from fire
MPRegen  0.10/turn              (no ring)

@: infused (expiring)
A: beak, talons 3
a: no special abilities


You were on level 1 of the Dungeon.
You were not hungry.

You visited 1 branch of the dungeon, and saw 1 of its levels.

You collected 20 gold pieces.

Inventory:

Hand Weapons
 a - a +0 falchion (weapon)
Missiles
 h - 11 poisoned needles
Armour
 b - a +0 leather armour (worn)
Jewellery
 e - a ring of protection from fire (left hand)
Scrolls
 i - a scroll of fog {unknown}
 j - a scroll of immolation {unknown}
Potions
 f - a potion of brilliance {unknown}
 k - a potion of heal wounds {unknown}
Books
 c - a book of Battle

   Spells                             Type                      Level
   a - Infusion                       Charms                       1
   b - Shroud of Golubria             Charms/Translocation         2
   c - Song of Slaying                Charms                       2
   d - Spectral Weapon                Hexes/Charms                 3
   e - Regeneration                   Charms/Necromancy            3
Comestibles
 d - 2 rations
 g - a chunk of flesh


   Skills:
 - Level 2.0 Fighting
 + Level 4.0 Long Blades
 - Level 1.1 Armour
 - Level 2.1 Dodging
 - Level 2.0 Spellcasting
 - Level 2.4 Charms


You had one spell level left.
You knew the following spells:

 Your Spells              Type           Power        Failure   Level  Hunger
a - Infusion              Chrm           #...         12%         1    ##.....
b - Song of Slaying       Chrm           #.......     19%         2    ###....
f - Shroud of Golubria    Chrm/Tloc      #.........   30%         2    ###....


Dungeon Overview and Level Annotations

Branches:
Dungeon (1/15)

Altars:


Innate Abilities, Weirdness & Mutations

You have a beak for a mouth.
You have claws for feet.


Message History

You are too injured to fight recklessly!
You are too injured to fight recklessly!
You are too injured to fight recklessly!
The frilled lizard bites you. The frilled lizard misses you.
You closely miss the kobold. Your kick misses the kobold.
Your magical infusion is running out.
The kobold hits you but does no damage. The frilled lizard bites you.
* * * LOW HITPOINT WARNING * * *
The kobold hits you but does no damage.
You closely miss the kobold. Your peck misses the kobold.
The kobold hits you with a dagger.
* * * LOW HITPOINT WARNING * * *
The frilled lizard bites you.
* * * LOW HITPOINT WARNING * * *
You closely miss the kobold. Your peck misses the kobold.
The kobold misses you.
The frilled lizard bites you but does no damage.
The kobold hits you with a dagger.
You die...

. .### #.... ########.....
#........>.....
#.............. .
#..K....#......
###.##..@l...#......
##...........#.......
#..#........(#........
####.....#...............
+..#..##........(#.......
#####.<#..###........##......
....+..................#......
....#..###....................
....####.)............†.......


You could see a kobold and a frilled lizard.

Vanquished Creatures
  An ooze (D:1)
  2 leopard geckos (D:1)
  4 bats (D:1)
  4 giant cockroaches (D:1)
  2 goblins (D:1)
  3 jackals (D:1)
  2 kobolds (D:1)
  2 frilled lizards (D:1)
  4 rats (D:1)
24 creatures vanquished.

Notes
Turn   | Place    | Note
-------+----------+-------------------------------------------
     0 | D:1      | mopl the Tengu Skald began the quest for the Orb.
     0 | D:1      | Reached XP level 1. HP: 12/12 MP: 4/4
    21 | D:1      | Reached skill level 3 in Long Blades
    21 | D:1      | Reached XP level 2. HP: 15/17 MP: 0/6
    26 | D:1      | Learned a level 2 spell: Song of Slaying
    29 | D:1      | Learned a level 2 spell: Shroud of Golubria
    94 | D:1      | Reached XP level 3. HP: 13/21 MP: 4/7
   301 | D:1      | Reached skill level 4 in Long Blades
   315 | D:1      | Slain by a kobold

Skill      XL: |  1  2  3 |
---------------+----------+-----
Long Blades    | 3 4 |  4.0
Fighting       | |  2.0
Armour         | |  1.1
Dodging        | |  2.1
Spellcasting   | |  2.0
Charms         | |  2.4

Action                   || total
-------------------------++-------
Melee: Falchion          ||    55
       Kick              ||    12
       Peck              ||     7
 Cast: Infusion          ||     4
Armor: Leather armour    ||    16
Dodge: Dodged            ||    54
       Rpst.: Falchion   ||    16
